General information
- name: BNet
- type: Ladder team game (AT/RT)
- host: Battle.net
- saver: TheMiser
map: DragonFalls
- players: 8
- length: 19:19
- speed: Fast
- version: 1.26 W3XP
- replay type: Public
» download(102 KB)
Players
team 1 (loser)

»
0-5000 (
purple | 34 APM | 661 actions | 19:18)
2 Death Knight
1 Death Coil
1 Unholy Aura
1 Crypt Lord
1 Impale
» actions
| Basic commands | 8 | |
| Build / train | 68 | |
| Enter build submenu | 31 | |
| Enter hero's abilities submenu | 4 | |
| Remove unit from queue | 1 | |
| Right click | 238 | |
| Select / deselect | 264 | |
| Use ability | 47 | |
661 total
» units
| Acolyte | 16 | |
| Ghoul | 7 | |
| Crypt Fiend | 13 | |
| Obsidian Statue | 4 | |
| Frost Wyrm | 4 | |
44 total
» upgrades
| Creature Attack | 2 | |
| Creature Carapace | 2 | |
| Web | 1 | |
| Freezing Breath | 1 | |
6 total
» buildings
| Ziggurat | 12 | |
| Crypt | 2 | |
| Altar of Darkness | 1 | |
| Graveyard | 2 | |
| Halls of the Dead | 1 | |
| Spirit Tower | 7 | |
| Slaughterhouse | 1 | |
| Tomb of Relics | 1 | |
| Black Citadel | 1 | |
| Sacrificial Pit | 1 | |
| Boneyard | 4 | |
33 total
» build order
00:08 Ziggurat
00:11 Crypt
01:00 Altar of Darkness
01:14 Graveyard
01:20 Graveyard
01:47 Ziggurat
03:02 Halls of the Dead
03:31 Ziggurat
04:11 Spirit Tower
06:00 Spirit Tower
06:27 Ziggurat
06:32 Spirit Tower
06:59 Slaughterhouse
07:06 Tomb of Relics
07:27 Ziggurat
07:39 Black Citadel
08:27 Spirit Tower
09:13 Crypt
09:24 Ziggurat
09:36 Spirit Tower
09:57 Sacrificial Pit
10:42 Boneyard
10:45 Boneyard
12:29 Spirit Tower
13:25 Ziggurat
13:28 Ziggurat
13:32 Ziggurat
13:48 Boneyard
13:55 Boneyard
14:01 Ziggurat
14:03 Ziggurat
14:06 Ziggurat
16:03 Spirit Tower
» items
| Scroll of Town Portal | 2 | |
| Scroll of Healing | 1 | |
3 total

»
UzWickedFast (
blue | 43 APM | 790 actions | 18:23)
3 Archmage
1 Summon Water Elemental
1 Blizzard
1 Brilliance Aura
2 Paladin
1 Holy Light
1 Divine Shield
1 Death Knight
1 Death Coil
» actions
| Assign group hotkey | 24 | |
| Basic commands | 50 | |
| Build / train | 52 | |
| Enter build submenu | 22 | |
| Enter hero's abilities submenu | 6 | |
| Give item / drop item | 2 | |
| Remove unit from queue | 1 | |
| Right click | 184 | |
| Select / deselect | 161 | |
| Select group hotkey | 245 | |
| Use ability | 43 | |
790 total
» units
| Peasant | 12 | |
| Footman | 3 | |
| Knight | 6 | |
| Priest | 5 | |
| Acolyte | 4 | |
30 total
» upgrades
| Swords | 3 | |
| Plating | 1 | |
| Priest Training | 2 | |
| Lumber Harvesting | 1 | |
| Animal War Training | 1 | |
8 total
» buildings
| Farm | 11 | |
| Altar of Kings | 2 | |
| Lumber Mill | 1 | |
| Barracks | 3 | |
| Blacksmith | 1 | |
| Arcane Vault | 1 | |
| Keep | 1 | |
| Arcane Sanctum | 2 | |
| Castle | 1 | |
| Spirit Tower | 2 | |
25 total
» build order
00:07 Farm
00:12 Altar of Kings
00:23 Altar of Kings
01:28 Farm
01:43 Lumber Mill
02:10 Barracks
02:14 Blacksmith
02:18 Arcane Vault
02:32 Farm
03:28 Farm
03:50 Keep
04:58 Farm
05:05 Barracks
05:40 Farm
06:25 Arcane Sanctum
06:27 Castle
06:46 Farm
07:29 Farm
08:09 Farm
08:29 Barracks
09:04 Farm
09:47 Farm
09:53 Arcane Sanctum
12:33 Spirit Tower
12:35 Spirit Tower
» items

»
arkano311 (
pink | 41 APM | 754 actions | 18:30)
4 Warden
1 Fan of Knives
2 Shadow Strike
1 Blink
» actions
| Build / train | 54 | |
| Enter build submenu | 22 | |
| Enter hero's abilities submenu | 4 | |
| Give item / drop item | 1 | |
| Remove unit from queue | 2 | |
| Right click | 391 | |
| Select / deselect | 213 | |
| Use ability | 67 | |
754 total
» units
| Wisp | 17 | |
| Huntress | 6 | |
| Goblin Shredder | 1 | |
| Hippogryph | 7 | |
| Chimaera | 5 | |
| Acolyte | 1 | |
37 total
» upgrades
| Strength of the Wild | 2 | |
| Sentinel | 1 | |
| Reinforced Hides | 1 | |
| Corrosive Breath | 1 | |
5 total
» buildings
| Altar of Elders | 1 | |
| Moon Well | 6 | |
| Ancient of War | 1 | |
| Hunter's Hall | 1 | |
| Ancient of Wonders | 1 | |
| Ancient Protector | 3 | |
| Tree of Ages | 1 | |
| Tree of Eternity | 1 | |
| Tree of Life | 2 | |
| Ancient of Wind | 1 | |
| Chimaera Roost | 3 | |
| Spirit Tower | 1 | |
22 total
» build order
01:20 Altar of Elders
01:28 Moon Well
01:36 Ancient of War
01:43 Hunter's Hall
01:53 Moon Well
01:58 Ancient of Wonders
02:59 Moon Well
04:12 Ancient Protector
04:42 Tree of Ages
05:50 Moon Well
07:18 Tree of Eternity
07:23 Tree of Life
08:07 Ancient of Wind
11:00 Chimaera Roost
11:55 Tree of Life
11:58 Ancient Protector
12:00 Ancient Protector
12:07 Chimaera Roost
12:23 Spirit Tower
13:34 Chimaera Roost
15:27 Moon Well
16:31 Moon Well
» items
| Scroll of Regeneration | 1 | |
| Lesser Clarity Potion | 1 | |
2 total
Evolution1 (
orange | 22 APM | 231 actions | 10:21)
2 Death Knight
1 Death Coil
1 Unholy Aura
1 Crypt Lord
1 Impale
» actions
| Assign group hotkey | 10 | |
| Build / train | 26 | |
| Enter build submenu | 11 | |
| Enter hero's abilities submenu | 3 | |
| Remove unit from queue | 1 | |
| Right click | 36 | |
| Select / deselect | 84 | |
| Select group hotkey | 34 | |
| Use ability | 26 | |
231 total
» units
| Acolyte | 3 | |
| Ghoul | 3 | |
| Crypt Fiend | 7 | |
13 total
» upgrades
» buildings
| Graveyard | 2 | |
| Ziggurat | 5 | |
| Crypt | 1 | |
| Altar of Darkness | 1 | |
| Tomb of Relics | 1 | |
| Halls of the Dead | 1 | |
| Nerubian Tower | 1 | |
| Black Citadel | 1 | |
| Sacrificial Pit | 1 | |
14 total
» build order
00:12 Graveyard
00:25 Graveyard
00:36 Ziggurat
00:48 Crypt
01:05 Altar of Darkness
01:22 Tomb of Relics
01:43 Ziggurat
02:24 Ziggurat
05:36 Halls of the Dead
06:29 Ziggurat
06:39 Nerubian Tower
08:00 Black Citadel
08:48 Ziggurat
08:51 Sacrificial Pit
» items
| Scroll of Healing | 1 | |
| Scroll of Protection | 1 | |
| Potion of Lesser Invulnerability | 1 | |
3 total
team 2 (winner)

»
CrBrr (
teal | 51 APM | 977 actions | 19:18)
5 Tauren Chieftain
3 Endurance Aura
2 War Stomp
4 Shadow Hunter
2 Healing Wave
2 Hex
» actions
| Assign group hotkey | 32 | |
| Basic commands | 30 | |
| Build / train | 91 | |
| Enter build submenu | 14 | |
| Enter hero's abilities submenu | 9 | |
| Give item / drop item | 3 | |
| Right click | 199 | |
| Select / deselect | 233 | |
| Select group hotkey | 292 | |
| Use ability | 74 | |
977 total
» units
| Peon | 10 | |
| Troll Headhunter/Berserker | 27 | |
| Goblin Shredder | 1 | |
| Shaman | 9 | |
| Troll Witch Doctor | 4 | |
| Spirit Walker | 3 | |
54 total
» upgrades
| Ranged Weapons | 3 | |
| Troll Regeneration | 1 | |
| Armor | 2 | |
| Shaman Training | 2 | |
| Witch Doctor Training | 2 | |
| Berserker Upgrade | 1 | |
| Spirit Walker Training | 1 | |
12 total
» buildings
| Altar of Storms | 1 | |
| Orc Burrow | 6 | |
| Barracks | 2 | |
| War Mill | 1 | |
| Stronghold | 1 | |
| Great Hall | 1 | |
| Spirit Lodge | 2 | |
| Fortress | 1 | |
15 total
» build order
00:10 Altar of Storms
00:21 Orc Burrow
01:20 Barracks
01:26 Orc Burrow
01:58 War Mill
02:28 Orc Burrow
02:57 Stronghold
04:19 Orc Burrow
06:27 Great Hall
07:29 Orc Burrow
08:01 Spirit Lodge
08:13 Spirit Lodge
08:35 Orc Burrow
09:34 Fortress
13:34 Barracks
» items
| Orb of Fire | 2 | |
| Scroll of Town Portal | 3 | |
| Lesser Clarity Potion | 3 | |
| Potion of Healing | 2 | |
| Potion of Mana | 1 | |
11 total
TheMiser (
red | 48 APM | 920 actions | 19:19)
6 Blood Mage
3 Flame Strike
2 Siphon Mana
1 Summon Phoenix
» actions
| Assign group hotkey | 59 | |
| Basic commands | 23 | |
| Build / train | 76 | |
| Enter build submenu | 38 | |
| Enter hero's abilities submenu | 6 | |
| Give item / drop item | 11 | |
| Remove unit from queue | 2 | |
| Right click | 318 | |
| Select / deselect | 234 | |
| Select group hotkey | 64 | |
| Use ability | 89 | |
920 total
» units
| Peasant | 13 | |
| Footman | 5 | |
| Goblin Shredder | 1 | |
| Goblin Sapper | 2 | |
| Sorceress | 2 | |
23 total
» upgrades
| Lumber Harvesting | 2 | |
| Masonry | 3 | |
| Sorceress Training | 1 | |
| Magic Sentry | 1 | |
| Swords | 1 | |
| Armor | 1 | |
9 total
» buildings
| Altar of Kings | 1 | |
| Barracks | 1 | |
| Farm | 5 | |
| Scout Tower | 19 | |
| Arcane Tower | 1 | |
| Arcane Vault | 3 | |
| Town Hall | 1 | |
| Lumber Mill | 4 | |
| Keep | 1 | |
| Guard Tower | 6 | |
| Arcane Sanctum | 1 | |
| Castle | 1 | |
| Blacksmith | 2 | |
46 total
» build order
00:37 Altar of Kings
00:38 Barracks
00:52 Farm
01:05 Farm
01:06 Farm
02:02 Scout Tower
02:04 Scout Tower
02:15 Farm
02:38 Arcane Tower
02:59 Arcane Vault
04:31 Town Hall
04:33 Scout Tower
04:33 Scout Tower
04:33 Scout Tower
04:34 Scout Tower
04:40 Lumber Mill
04:43 Lumber Mill
05:59 Keep
06:35 Guard Tower
06:39 Scout Tower
06:39 Scout Tower
06:39 Scout Tower
06:44 Scout Tower
06:44 Scout Tower
07:36 Guard Tower
07:40 Guard Tower
08:22 Guard Tower
08:26 Arcane Sanctum
08:49 Scout Tower
08:50 Scout Tower
08:51 Scout Tower
08:58 Scout Tower
08:59 Scout Tower
08:59 Scout Tower
09:00 Scout Tower
09:00 Scout Tower
09:12 Castle
09:24 Farm
11:37 Guard Tower
11:40 Guard Tower
11:57 Arcane Vault
12:01 Arcane Vault
14:03 Blacksmith
14:04 Blacksmith
14:30 Lumber Mill
14:38 Lumber Mill
» items
| Scroll of Regeneration | 5 | |
| Boots of Speed | 1 | |
| Staff of Teleportation | 1 | |
| Lesser Clarity Potion | 2 | |
| Potion of Invisibility | 5 | |
| Scroll of Healing | 1 | |
| Potion of Healing | 3 | |
| Potion of Mana | 4 | |
| Healing Salve | 1 | |
| Scroll of Town Portal | 2 | |
| Mechanical Critter | 1 | |
26 total
kramoc (
green | 21 APM | 52 actions | 02:25)
» actions
| Build / train | 8 | |
| Enter build submenu | 3 | |
| Right click | 19 | |
| Select / deselect | 19 | |
| Use ability | 3 | |
52 total
» units
» buildings
| Orc Burrow | 1 | |
| Altar of Storms | 1 | |
| War Mill | 1 | |
3 total
» build order
00:29 Orc Burrow
00:32 Altar of Storms
01:59 War Mill
lolzeepicness (
yellow | 54 APM | 1052 actions | 19:19)
3 Mountain King
2 Storm Bolt
1 Bash
3 Tauren Chieftain
2 Shockwave
1 Endurance Aura
» actions
| Assign group hotkey | 26 | |
| Basic commands | 263 | |
| Build / train | 108 | |
| ESC pressed | 6 | |
| Enter build submenu | 38 | |
| Enter hero's abilities submenu | 6 | |
| Give item / drop item | 2 | |
| Remove unit from queue | 1 | |
| Right click | 25 | |
| Select / deselect | 266 | |
| Select group hotkey | 223 | |
| Use ability | 88 | |
1052 total
» units
| Peasant | 7 | |
| Footman | 4 | |
| Peon | 1 | |
| Troll Headhunter/Berserker | 4 | |
| Thunder Lizard | 3 | |
| Wind Rider | 13 | |
| Mortar Team | 7 | |
| Siege Engine | 14 | |
| Shaman | 9 | |
| Knight | 3 | |
| Troll Batrider | 10 | |
75 total
» upgrades
» buildings
| Altar of Kings | 1 | |
| Farm | 9 | |
| Barracks | 3 | |
| Scout Tower | 1 | |
| Arcane Tower | 1 | |
| Stronghold | 2 | |
| Watch Tower | 2 | |
| Orc Burrow | 7 | |
| Voodoo Lounge | 1 | |
| Keep | 1 | |
| Lumber Mill | 1 | |
| Beastiary | 2 | |
| Blacksmith | 1 | |
| Spirit Lodge | 1 | |
| Workshop | 3 | |
| Castle | 5 | |
| Fortress | 1 | |
| Arcane Vault | 1 | |
43 total
» build order
00:07 Altar of Kings
00:20 Farm
00:35 Barracks
01:10 Farm
01:29 Scout Tower
01:59 Arcane Tower
02:45 Barracks
03:12 Barracks
03:14 Stronghold
03:14 Stronghold
03:18 Watch Tower
03:40 Orc Burrow
03:51 Voodoo Lounge
04:11 Orc Burrow
04:45 Watch Tower
04:56 Keep
05:03 Farm
05:11 Lumber Mill
06:17 Beastiary
06:18 Beastiary
06:55 Farm
06:58 Blacksmith
07:34 Spirit Lodge
08:02 Workshop
08:04 Workshop
10:08 Workshop
10:10 Castle
10:10 Castle
10:11 Castle
10:11 Castle
10:19 Fortress
10:24 Orc Burrow
10:42 Orc Burrow
10:43 Orc Burrow
10:47 Orc Burrow
11:07 Arcane Vault
13:42 Farm
13:44 Farm
13:46 Farm
14:25 Farm
14:26 Farm
15:58 Orc Burrow
» items
| Potion of Healing | 2 | |
| Scroll of Town Portal | 5 | |
| Healing Salve | 3 | |
| Potion of Mana | 1 | |
11 total
Chat log
(00:12 / Allies) lolzeepicness: to check for hackers
(00:12 / All) TheMiser: please wait bros
(00:15 / Allies) kramoc: hey
(00:21 / Allies) lolzeepicness: hi
(00:21 / Allies) TheMiser: green was afk lawl
(00:29 / Allies) CrBrr: ahh
(00:32 / Allies) lolzeepicness: penis
(00:32 / All) 0-5000: next time finish scratching before you play.
(00:33 / Allies) CrBrr: rush?
(00:37 / Allies) lolzeepicness: sure
(00:43 / Allies) TheMiser: I cc
(00:59 / Allies) lolzeepicness: rly
(01:14 / All) TheMiser: Rory MacDonald or BJ Penn?
(01:28 / All) 0-5000: who are they?
(01:49 / All) TheMiser: Alexander Gustafsson or Shogun Rua?
(02:07 / All) 0-5000: shotgun rua
(02:07 / Allies) kramoc: fuck got to go
(02:13 / Allies) kramoc: sorry
(02:20 / Allies) kramoc: ya very
(02:30 / All) Evolution1: gg
(02:31 / Allies) TheMiser: what a homo
(02:35 / Allies) CrBrr: any1 have?
(02:35 / All) 0-5000: bsing?
(02:42 / All) TheMiser: he said he had to leave
(02:57 / All) 0-5000: he had to go scratch his asshole.
(03:22 / Allies) CrBrr: rush then?
(07:03 / Allies) lolzeepicness: tanks
(10:28 / All) 0-5000: wow
(11:42 / Allies) lolzeepicness: ty
(13:53 / Allies) lolzeepicness: what
(16:07 / Allies) lolzeepicness: someone
(16:11 / Allies) lolzeepicness: plan?
(17:15 / Allies) lolzeepicness: warden
(18:34 / All) CrBrr: so sad
(18:37 / All) CrBrr: lost 4 vs 3
(18:37 / Allies) lolzeepicness: fuckyeah
(18:41 / Allies) TheMiser: lol
(18:48 / Allies) lolzeepicness: someone
(18:49 / All) 0-5000: oj was worst than afk
(18:50 / Allies) lolzeepicness: use these bats
(19:02 / Allies) TheMiser: I only had blood mage all game